 Dungeon Crawl Stone Soup version 0.29-a0-322-g68df515428 (webtiles) character file.

Game seed: 7258842732859110461

4 GigaChad the Grave Robber (level 1, 0/13 HPs)
             Began as a Vampire Necromancer on Apr 5, 2022.
             Slain by a quokka (1 damage)
             ... on level 1 of the Dungeon.
             The game lasted 00:01:27 (246 turns).

GigaChad the Grave Robber (Vampire Necromancer)      Turns: 246, Time: 00:01:28

Health: 0/13       AC:  2    Str:  7    XL:     1   Next: 50%
Magic:  0/3        EV: 12    Int: 17    God:
Gold:   28         SH:  0    Dex: 14    Spells: 3/4 levels left

rFire   . . .      SeeInvis +   (no weapon)
rCold   . . .      Faith    .   (no shield)
rNeg    . . .      Spirit   .   a - +0 robe
rPois   .          Reflect  .   (no helmet)
rElec   .          Harm     .   (no cloak)
rCorr   .          Rampage  .   (no gloves)
Will    .....                   (no boots)
Stlth   ++........              (no amulet)
HPRegen 0.24/turn               (no ring)
MPRegen 0.08/turn               (no ring)

@: healing quickly
A: alive, fangs 3, see invisible, vampiric 1
a: Exsanguinate


You were on level 1 of the Dungeon.
You visited 1 branch of the dungeon, and saw 1 of its levels.

You collected 28 gold pieces.

Inventory:

Armour
 a - a +0 robe (worn)
Potions
 b - a potion of magic
 c - 2 potions of heal wounds {unknown}


   Skills:
 + Level 2.1 Dodging
 + Level 3.0 Stealth
 + Level 2.0 Spellcasting
 + Level 4.6 Necromancy


You had 3 spell levels left.
You knew the following spells:

 Your Spells              Type           Power      Damage    Failure   Level
a - Pain                  Necr           68%        1d7       2%          1

Your spell library contained the following spells:

 Spells                   Type           Power      Damage    Failure   Level
 Animate Skeleton         Necr           34%        N/A       2%          1
 Vampiric Draining        Necr           17%        2d7       9%          3
 Animate Dead             Necr           8%         N/A       28%         4
 Agony                    Necr           17%        N/A       61%         5


Dungeon Overview and Level Annotations

Branches:
Dungeon (1/15)

Altars:


Innate Abilities, Weirdness & Mutations

Your natural rate of healing is accelerated.
You have razor-sharp teeth.
You have supernaturally acute eyesight. (SInv)
You are afflicted with vampirism.


Message History

A quokka comes into view.
You see here a purple potion.
There is a stone staircase leading down here.
The quokka writhes in agony.
The quokka writhes in agony.
The quokka writhes in agony.
You kill the quokka!
c - 2 purple potions (gained 1)
A kobold comes into view. It is wielding a +0 dagger.
Found 7 gold pieces.
The kobold shouts!
The kobold writhes in agony.
You kill the kobold!
You can't see any susceptible monsters within range! (Use Z to cast anyway.)
Found an escape hatch in the floor.
A ball python comes into view.
A quokka comes into view.
The ball python writhes in agony.
The ball python barely resists.
The ball python closely misses you. The ball python grabs you.
The ball python constricts you.
You are too depleted to draw on your mana recklessly!
You escape the ball python's grasp.
The quokka misses you. The quokka closely misses you.
You hit the quokka.
The quokka is moderately wounded.
The ball python bites you but does no damage.
The ball python grabs you. The ball python constricts you.
The quokka bites you. The ball python barely misses you.
The ball python constricts you.
You barely miss the ball python.
The ball python is severely wounded.
The quokka bites you.
* * * LOW HITPOINT WARNING * * *
The ball python bites you.
* * * LOW HITPOINT WARNING * * *
The ball python constricts you.
Unknown command.
You escape the ball python's grasp.
The quokka attacks as you move away! The quokka bites you.
You die...

.#...#.......#....###
.#...#.......####...#
.#...#......... #...#
.#...## #..... #...#
....... ......##...#
.......
......$....####
.......
..............#
.......
..............#
.......
.......@S.....#
.......
..####.r.....)#
....... ###......#
....... #......#
......# #......#
......# #>.....#
....... .......#
#+..... ....###
.......


You could see a quokka and a ball python.

Vanquished Creatures
  A bat (D:1)
  A quokka (D:1)
  A ball python (D:1)
  A kobold (D:1)
4 creatures vanquished.

Notes
Turn   | Place    | Note
-------+----------+-------------------------------------------
     0 | D:1      | GigaChad the Vampire Necromancer began the quest for the
                  | Orb.
     0 | D:1      | Reached XP level 1. HP: 13/13 MP: 3/3
   246 | D:1      | Slain by a quokka

Illustrated notes

Levels and vault maps discovered:
D:1:      kilobyte_arrival_exit_the_forest, layout_basic

Action                   || total
-------------------------++-------
Melee: Unarmed           ||     5
 Cast: Pain              ||     9
Armor: Robe              ||     2
Dodge: Dodged            ||     7

Table legend: (Time is in decaauts)
 A = Elapsed time spent in this place.
 B = Non-inter-level travel time spent in this place.
 C = Inter-level travel time spent in this place.
 D = Time resting spent in this place.
 E = Time spent auto-exploring this place.
 F = Levels seen in this place.
 G = Mean time per level.
                   A        B        C        D        E       F      G
               +--------+--------+--------+--------+--------+-----+--------+
         Total |    247 |    194 |     53 |      0 |      0 |   1 |  247.0 |
       Dungeon |    247 |    194 |     53 |      0 |      0 |   1 |  247.0 |
               +--------+--------+--------+--------+--------+-----+--------+

Top non-repeatable levels by time:
     D:1: 247 daAuts
